AoeStats
← MiNaToS 4to

Arena

510323077Analyzed
2v2 RM · 2d ago on Sep 30, 2026· 37m 48s· 4 players
Game mode
Random Map
Map size
Medium (4 player)
Population
200
Speed
Normal
Resources
Standard
Victory
Conquest
Starting age
Dark Age
Ending age
Imperial Age
RankedLock teamsTeams togetherTeam positionsShared explorationLock speedFull tech treeHidden civsTurbo modeCheats
Victory
Defeat
🇳🇱 Byzantines · Netherlands
1291
+18
🇳🇱 Italians · Netherlands
1271
+17
🇨🇳 Slavs · China
1336
-18
🇦🇷 Spanish · Argentina
1312
-17
MiNaToS 4to
10:16 Feudal Age
8:54 Loom
14:10 Castle Age
13:17 Double-Bit Axe
23:22 Horse Collar
24:11 Bow Saw
29:48 Imperial Age
31:51 Fletching
32:37 Bodkin Arrow
32:43 Padded Archer Armor
34:38 Ballistics
34:08 Elite Skirmisher
35:39 Thumb Ring
35:42 Bracer
36:34 Leather Archer Armor
38:28 Ring Archer Armor
pipiboy
10:31 Feudal Age
14:50 Castle Age
12:37 Double-Bit Axe
12:47 Horse Collar
16:05 Bow Saw
16:18 Heavy Plow
23:59 Wheelbarrow
24:35 Coinage
24:09 Gold Mining
25:05 Man-at-Arms
25:45 Squires
26:25 Gold Shaft Mining
28:42 Imperial Age
25:58 Loom
26:50 Hand Cart
26:17 Long Swordsman
27:04 Stone Mining
26:50 Pikeman
28:02 Forging
29:19 Iron Casting
28:45 Scale Mail Armor
29:18 Detinets
28:58 Two-Handed Swordsman
29:01 Capped Ram
29:06 Halberdier
30:14 Conscription
31:42 Crop Rotation
32:13 Two-Man Saw
31:03 Champion
32:00 Chain Mail Armor
33:36 Plate Mail Armor
34:26 Blast Furnace
33:25 Siege Ram
35:15 Druzhina
35:25 Fletching
35:42 Siege Engineers
37:05 Bodkin Arrow
[MB] TheThizz
10:32 Feudal Age
14:55 Castle Age
13:54 Horse Collar
14:00 Double-Bit Axe
15:27 Loom
16:59 Bow Saw
22:03 Heavy Plow
24:26 Wheelbarrow
26:10 Hand Cart
29:30 Imperial Age
28:16 Husbandry
28:38 Scale Barding Armor
28:44 Forging
29:14 Gambesons
29:29 Squires
30:05 Chain Barding Armor
30:19 Gold Mining
31:15 Logistica
32:04 Iron Casting
32:27 Elite Cataphract
34:36 Plate Barding Armor
36:05 Gold Shaft Mining
36:02 Conscription
35:42 Arson
36:35 Scale Mail Armor
36:50 Elite Varangian Guard
[MB] Matta_Dor
11:08 Feudal Age
15:02 Castle Age
12:58 Double-Bit Axe
13:09 Horse Collar
18:21 Loom
22:22 Fletching
26:41 Imperial Age
25:22 Ballistics
25:20 Bodkin Arrow
26:14 Wheelbarrow
28:30 Bracer
28:30 Padded Archer Armor
30:19 Chemistry
30:54 Leather Archer Armor
31:06 Stone Mining
31:07 Gold Mining
34:38 Ring Archer Armor
36:54 Elite Genoese Crossbowman
Connection lost

Rejoining the realm…

Still unreachable

The connection could not be restored.

Session expired

The server has moved on; the page needs a fresh start.